 Dungeon Crawl Stone Soup version 0.27.0-1-g7a089689b8 (webtiles) character file.

Game seed: 15791273607642454952

182 gimp the Poker (level 5, -2/33 HPs)
             Began as a Tengu Warper on Aug 7, 2021.
             Was a Believer of Fedhas.
             Slain by Menkaure (20 damage)
             ... on level 4 of the Dungeon.
             The game lasted 00:06:31 (3601 turns).

gimp the Poker (Tengu Warper)                       Turns: 3601, Time: 00:06:31

Health: -2/33      AC:  4    Str: 12    XL:     5   Next: 62%
Magic:  9/9        EV: 14    Int: 13    God:    Fedhas [**....]
Gold:   136        SH:  0    Dex: 14    Spells: 8/8 levels left

rFire    . . .     SeeInvis .   a - +0 spear
rCold    . . .     Faith    .   (no shield)
rNeg     . . .     Spirit   .   b - +0 leather armour
rPois    .         Reflect  .   e - +0 hat
rElec    .         Harm     .   (no cloak)
rCorr    .         Rampage  .   i - +0 pair of gloves
Will     .....                  (boots unavailable)
Stlth    +.........             (no amulet)
HPRegen  0.11/turn              (no ring)
MPRegen  0.11/turn              (no ring)

@: flying quickly and evasively, quick
A: beak, talons 3, nimble flight
a: Renounce Religion, Wall of Briars


You were on level 4 of the Dungeon.
You worshipped Fedhas.
Fedhas was pleased with you.
You visited 1 branch of the dungeon, and saw 4 of its levels.

You collected 136 gold pieces.

Inventory:

Hand Weapons
 a - a +0 spear (weapon)
Missiles
 d - 13 poisoned darts (quivered)
 m - 3 boomerangs
Armour
 b - a +0 leather armour (worn)
 e - a +0 hat (worn)
 i - a +0 pair of gloves (worn)
Scrolls
 c - a scroll of summoning {unknown}
 f - a scroll of fog {unknown}
 h - a scroll of torment {unknown}
 k - 2 scrolls of identify {unknown}
Potions
 g - a potion of heal wounds {unknown}
 j - a potion of lignification {unknown}
 l - a potion of might {unknown}


   Skills:
 + Level 4.0 Fighting
 * Level 4.5 Polearms
 + Level 1.6 Throwing
 - Level 1.1 Armour
 - Level 2.1 Dodging
 - Level 2.0 Spellcasting
 - Level 2.4 Translocations


You had 8 spell levels left.
You didn't know any spells.
Your spell library contained the following spells:

 Spells                   Type           Power      Damage    Failure   Level
 Blink                    Tloc           N/A        N/A       19%         2
 Gell's Gravitas          Tloc           3%         N/A       36%         3
 Lesser Beckoning         Tloc           3%         N/A       36%         3
 Teleport Other           Tloc           7%         N/A       36%         3
 Corpse Rot               Necr/Air       N/A        N/A       43%         2
 Poisonous Vapours        Pois/Air       2%         N/A       43%         2
 Manifold Assault         Tloc           7%         N/A       98%         5
 Freezing Cloud           Conj/Ice/Air   0%         6-21      100%        5


Dungeon Overview and Level Annotations

Branches:
Dungeon (4/15)
 Temple: D:4-7

Altars:
Fedhas
Ru
Xom

Shops:
D:4 (

Annotations:
D:4 Menkaure


Innate Abilities, Weirdness & Mutations

You have a beak for a mouth.
You have claws for feet.
Your magical nature lets you fly swiftly and evasively.


Message History

Health restored: 33 Menkaure, Prince of Dust comes into view.
Found a scroll labelled GUJOWUUPHEY.
Okay, then.
Okay, then.
Okay, then.
You hit Menkaure.
Menkaure is lightly damaged.
You hit Menkaure. You peck Menkaure.
Menkaure is moderately damaged.
Menkaure barely misses you.
You hit Menkaure. You peck Menkaure.
Menkaure is heavily damaged.
Menkaure gestures wildly while chanting.
Menkaure seems to speed up.
You hit Menkaure. You claw Menkaure.
Menkaure is severely damaged.
Menkaure closely misses you.
You hit Menkaure.
Menkaure is severely damaged.
Menkaure hits you!
You take 15 damage, and have 18/33 hp.
MASSIVE DAMAGE!!
Your leather armour prevents you from hitting Menkaure.
Menkaure is severely damaged.
Menkaure barely misses you.
Reach: a) +0 spear
Press: ? - help, Dir - move target, f - Menkaure
Aim: Menkaure (severely damaged, fast, about 22% to evade your +0 spear)
You hit Menkaure but do no damage. You claw Menkaure.
Menkaure is severely damaged.
Menkaure closely misses you.
Reach: a) +0 spear
Press: ? - help, Dir - move target, f/p - Menkaure
Aim: Menkaure (severely damaged, fast, about 22% to evade your +0 spear)
You barely miss Menkaure. You peck Menkaure, but do no damage.
Menkaure is severely damaged.
Menkaure hits you!!
Ouch! That really hurt!
You die...
Fedhas appreciates your contribution to the ecosystem.

#.......#
#.......#
#.......#
#.......#
#...$>..#
#.......#
#..M...?# #@#
##.###### ##
#.......# ...
###..####.#...
#.......#.#.#
#.#..#......#
.#.#..#..#.#.#
...........#
##.##.##.###


You could see Menkaure (fast).

Vanquished Creatures
  4 gnolls
  9 adders
  A worm (D:3)
  2 dart slugs
  4 orcs (D:4)
  4 bats
  2 endoplasms (D:1)
  A giant cockroach (D:1)
  3 goblins
  3 hobgoblins
  6 jackals
  A kobold (D:2)
  A quokka (D:1)
  8 ball pythons
  3 frilled lizards
  7 rats
59 creatures vanquished.

Notes
Turn   | Place    | Note
-------+----------+-------------------------------------------
     0 | D:1      | gimp the Tengu Warper began the quest for the Orb.
     0 | D:1      | Reached XP level 1. HP: 12/12 MP: 4/4
   111 | D:1      | Found a faded altar of an unknown god.
   124 | D:1      | Became a worshipper of Fedhas Madash
   124 | D:1      | Reached * piety under Fedhas
   212 | D:1      | Reached XP level 2. HP: 18/18 MP: 6/6
  1085 | D:1      | Reached XP level 3. HP: 18/23 MP: 7/7
  1347 | D:2      | Found a sacrificial altar of Ru.
  2070 | D:1      | Reached XP level 4. HP: 28/28 MP: 8/8
  2167 | D:1      | Reached ** piety under Fedhas
  2441 | D:3      | Found a shimmering altar of Xom.
  2912 | D:3      | Gained mutation: Your magical nature lets you fly swiftly
                  | and evasively. [Tengu growth]
  2912 | D:3      | Reached XP level 5. HP: 28/33 MP: 9/9
  3433 | D:4      | Found Kianimoj's Antique Weapon Shoppe.
  3593 | D:4      | Noticed Menkaure
  3601 | D:4      | Slain by Menkaure

Illustrated notes

Levels and vault maps discovered:
D:1:      tarquinn_simple_flora_water_e, layout_loops_ring,
          dreamdust_ecumenical_altar_angels_and_demons
D:2:      layout_loops_corners, basic_altar, cheibrodos_gnoll_hut, uniq_robin
D:3:      layout_loops_ring, mainiacjoe_overflow_surrounded_room,
          ebering_dispersal_statue_hall, minmay_snake_closets
D:4:      layout_loops_cross, serial_shops, nicolae_shop_trees,
          skrybe_limestone_x, chequers_serial_rivers_micro_a, uniq_ijyb,
          uniq_menkaure, uniq_sigmund

Skill      XL: |  1  2  3  4  5 |
---------------+----------------+-----
Fighting       | 3 4 |  4.0
Polearms       | 3 4 |  4.5
Throwing       | |  1.6
Armour         | |  1.1
Dodging        | |  2.1
Spellcasting   | |  2.0
Translocations | |  2.4

Action                   |  1- 3 |  4- 6 || total
-------------------------+-------+-------++-------
Melee: Spear             |    84 |   113 ||   197
       Kick              |    17 |    17 ||    34
       Peck              |     6 |    18 ||    24
Throw: Boomerang         |     4 |     1 ||     5
  Use: Scroll            |     1 |       ||     1
 Stab: Sleeping          |     2 |     2 ||     4
Armor: Leather armour    |    17 |    11 ||    28
Dodge: Dodged            |    44 |    50 ||    94
